[Event "The Elitserien 2024/25: round 1 - 3"]
[Site "Scandic Infra City, Kanalvagen 10, Upplands Vasby, Sweden"]
[Date "2024.10.04"]
[Round "1.21"]
[White "Henriksson, Johan"]
[Black "Storme, Isak"]
[Result "0-1"]
[TimeControl "90 minutes for 40 moves + 30 minutes for the rest of the game + 30 seconds per move from move one."]
[WhiteTitle "FM"]
[BlackTitle "IM"]
[WhiteFideId "1703560"]
[BlackFideId "1728113"]
[WhiteElo "2321"]
[BlackElo "2447"]

1. d4 Nf6 2. c4 e6 3. g3 c5 4. Nf3 cxd4 5. Nxd4 d5 6. Bg2 e5 7. Nb3 d4 8. O-O Nc6 9. f4 e4 10.
f5 a5 11. Bg5 a4 12. N3d2 e3 13. Ne4 Be7 14. Bxf6 Bxf6 15. Nxf6+ Qxf6 16. Rf4 O-O 17. Bxc6 bxc6 18. Qxd4 Qxd4 19.
Rxd4 Bxf5 20. Nc3 Rfb8 21. Nd1 Bg6 22. Rc1 h6 23. c5 a3 24. b3 Re8 25. Rd6 Ra6 26. Nc3 Rb8 27. Nd5 Kh7 28. Nxe3 Be4 29. Rd4 f5 30. g4 Re8 31. gxf5 Ra7 32.
Nc4 Bxf5 33. Kf2 Rae7 34. e3 Be4 35. Nd6 Rf8+ 36. Ke2 Bf3+ 37. Kd3 Bh5 38. Rc2 Rf3 39. Kc4 Rfxe3 40. Kb4 Bg6 41.
Rcd2 Ra7 42. Nc4 Ree7 43. Kc3 h5 44. b4 Re1 45. Na5 Re3+ 46. R4d3 Bxd3 47. Rxd3 Re6 48. Kc4 g5 49. Nxc6 Rxc6 50.
b5 Rc8 51. b6 Rf7 52. Rxa3 g4 53. Kb5 h4 54. Ra4 Rf5 55. Rc4 g3 56. b7 Rb8 57. Rxh4+ Kg6 58. Rg4+ Kh5 59. Rxg3 Rxb7+ 60. Kc6 Rb2 61. a4 Rc2 62. Rb3 Rfxc5+ 63. Kb6 Rc6+ 0-1

[Event "The Elitserien 2024/25: round 1 - 3"]
[Site "Scandic Infra City, Kanalvagen 10, Upplands Vasby, Sweden"]
[Date "2024.10.04"]
[Round "1.22"]
[White "Ahlander, Bjorn"]
[Black "Larsson, Anders"]
[Result "1-0"]
[TimeControl "90 minutes for 40 moves + 30 minutes for the rest of the game + 30 seconds per move from move one."]
[WhiteTitle "IM"]
[BlackTitle "FM"]
[WhiteFideId "1700251"]
[BlackFideId "1712128"]
[WhiteElo "2382"]
[BlackElo "2211"]

1. d4 e6 2. Nf3 Nf6 3. g3 Be7 4. Bg2 O-O 5. c4 d5 6. O-O c6 7. Qc2 b6 8. Bf4 Bb7 9. Rd1 Nbd7 10.
Ne5 Rc8 11. Nc3 Nxe5 12. dxe5 Nd7 13. cxd5 cxd5 14. e4 g5 15. Be3 Nxe5 16. exd5 Bxd5 17. Bxd5 exd5 18. Qf5 Nc4 19. Bd4 Rc6 20.
b3 Na5 21. Nxd5 Rd6 22. Qe5 f6 23. Nxe7+ Kf7 24. Qf5 Qxe7 25. Qxh7+ Ke8 26. Re1 Re6 27. Rxe6 Qxe6 28. Qxa7 Nc6 29.
Qxb6 Nxd4 30. Qxd4 Kf7 31. Qc4 1-0

[Event "The Elitserien 2024/25: round 1 - 3"]
[Site "Scandic Infra City, Kanalvagen 10, Upplands Vasby, Sweden"]
[Date "2024.10.04"]
[Round "1.23"]
[White "Andersson, Fredrik"]
[Black "Mauritsson, Sebastian"]
[Result "0-1"]
[TimeControl "90 minutes for 40 moves + 30 minutes for the rest of the game + 30 seconds per move from move one."]
[WhiteTitle "FM"]
[BlackTitle "FM"]
[WhiteFideId "1706187"]
[BlackFideId "1707892"]
[WhiteElo "2242"]
[BlackElo "2398"]

1. e4 c5 2. Nf3 d6 3. d4 cxd4 4. Nxd4 Nf6 5. Nc3 a6 6. Bg5 Nbd7 7. a3 g6 8. Qd2 b5 9. O-O-O Bb7 10.
f3 Rc8 11. Kb1 h6 12. Be3 Bg7 13. Be2 h5 14. h3 h4 15. Rhe1 Nh5 16. Nd5 Nhf6 17. Bg5 Bxd5 18. exd5 Nxd5 19.
Nxb5 axb5 20. Qxd5 O-O 21. Bxh4 Nb6 22. Qe4 Na4 23. Qxe7 Qa5 24. Bf6 Rce8 25. Qxd6 Re6 26. Bd8 Qa7 27.
Qd7 Qf2 28. Qxb5 Nxb2 29. Rf1 Nxd1 30. Bxd1 Qd4 0-1

[Event "The Elitserien 2024/25: round 1 - 3"]
[Site "Scandic Infra City, Kanalvagen 10, Upplands Vasby, Sweden"]
[Date "2024.10.04"]
[Round "1.24"]
[White "Smith, Axel"]
[Black "Glimbrant, Torbjorn"]
[Result "1-0"]
[TimeControl "90 minutes for 40 moves + 30 minutes for the rest of the game + 30 seconds per move from move one."]
[WhiteTitle "GM"]
[WhiteFideId "1707930"]
[BlackFideId "1700995"]
[WhiteElo "2430"]
[BlackElo "2023"]

1. c4 c5 2. e3 Nf6 3. d4 e6 4. Nf3 d5 5. a3 cxd4 6. exd4 dxc4 7. Bxc4 Be7 8. Nc3 O-O 9. O-O Nc6 10.
Re1 a6 11. Ba2 Bd7 12. Bf4 Rc8 13. Qd2 b5 14. Ne5 b4 15. axb4 Nxb4 16. Bb3 Bb5 17. Bg5 Nbd5 18. Nxb5 axb5 19.
Qe2 h6 20. Bxf6 Bxf6 21. Nxf7 Qd7 22. Ne5 Bxe5 23. Qxe5 Rce8 24. Ra6 Rf5 25. Qd6 Qxd6 26. Rxd6 Kf7 27. g3 h5 28. Bxd5 exd5 29.
Rd7+ Kf8 30. Rxe8+ Kxe8 31. Rxg7 Rf3 32. Rg5 h4 33. gxh4 1-0

[Event "The Elitserien 2024/25: round 1 - 3"]
[Site "Scandic Infra City, Kanalvagen 10, Upplands Vasby, Sweden"]
[Date "2024.10.04"]
[Round "1.25"]
[White "Soderstrom, Adrian"]
[Black "Garriga Cazorla, Pere"]
[Result "0-1"]
[TimeControl "90 minutes for 40 moves + 30 minutes for the rest of the game + 30 seconds per move from move one."]
[WhiteTitle "FM"]
[BlackTitle "IM"]
[WhiteFideId "1745786"]
[BlackFideId "32011601"]
[WhiteElo "2318"]
[BlackElo "2467"]

1. e4 c5 2. Nf3 d6 3. d4 cxd4 4. Nxd4 Nf6 5. Nc3 Nc6 6. Bg5 e6 7. Qd2 a6 8. O-O-O Bd7 9. Kb1 Nxd4 10.
Qxd4 Be7 11. h4 Qc7 12. f3 b5 13. Qd2 h6 14. Be3 h5 15. Bd3 b4 16. Ne2 a5 17. c4 Ba4 18. Rc1 e5 19.
Ng3 g6 20. Bg5 Nd7 21. Bxe7 Kxe7 22. Nf1 Nc5 23. Ne3 Bc6 24. Rhf1 Rae8 25. Nd5+ Bxd5 26. cxd5 Kf8 27. Bb5 Rb8 28.
Bc6 Qe7 29. g3 Kg7 30. Qe3 Rbf8 31. Rfd1 Rd8 32. Rd2 f5 33. exf5 gxf5 34. Re2 Rh6 35. Bb5 Rg6 36. f4 e4 37.
Rec2 Kh6 38. Rg1 Rdg8 39. Rcg2 Qf6 40. Bc4 R6g7 41. Bb5 a4 42. Bc4 a3 43. Qd2 Na4 44. b3 Nc3+ 45. Kc1 Rc8 46.
Rd1 Nxd1 47. Kxd1 e3 48. Qxb4 Rcg8 49. Qe1 Qa1+ 50. Ke2 Qxa2+ 51. Kf1 Qxg2+ 52. Kxg2 Rxg3+ 0-1

[Event "The Elitserien 2024/25: round 1 - 3"]
[Site "Scandic Infra City, Kanalvagen 10, Upplands Vasby, Sweden"]
[Date "2024.10.04"]
[Round "1.26"]
[White "Johansson, Linus"]
[Black "Religa, Marek"]
[Result "1/2-1/2"]
[TimeControl "90 minutes for 40 moves + 30 minutes for the rest of the game + 30 seconds per move from move one."]
[WhiteTitle "IM"]
[WhiteFideId "1711113"]
[BlackFideId "1750208"]
[WhiteElo "2416"]
[BlackElo "2224"]

1. d4 f5 2. Nf3 Nf6 3. g3 g6 4.
Bg2 Bg7 5. O-O O-O 6. c4 d6 7. Nc3 a5 8. b3 e5 9. dxe5 dxe5 10. Ba3 Qxd1 11. Raxd1 Re8 12. e4 Nxe4 13. Nxe4 fxe4 14.
Ng5 Na6 15. Bxe4 Bf6 16. h4 Nb4 17. Rd2 c6 18. Rfd1 Kg7 19. Kg2 h6 20. Nf3 Bg4 21. Re1 Rad8 22. Bc1 Na6 23. Rxd8 Rxd8 24.
Bb2 Bxf3+ 25. Bxf3 Rd2 26. Re2 Rxe2 27. Bxe2 e4 28. Bc1 g5 29. Bd2 a4 30. bxa4 gxh4 31. gxh4 Bxh4 32. Bg4 Bg5 33.
Ba5 Nc5 34. Bc8 Bf6 35. Bc7 b6 36. Bxb6 Nxa4 37. Ba7 Nb2 38. Bb7 Nxc4 39. Bxc6 Nd6 40. a4 Bd8 41. Bb8 Nc4 42. Bxe4 Kf6 43.
Bc2 Bb6 44. Bf4 h5 45. Bb3 Ne5 46. Bd2 Ng4 47. Be1 Kg5 48. a5 Ba7 49. Be6 Ne5 50. Bc8 Nd3 51. Bd2+ Kf6 52. f4 Nc5 53.
Kf3 Nb3 54. Bc3+ Ke7 55. Ba6 Bd4 56. Be1 Kd6 57. Bc4 Nc5 58. Bf7 h4 59. Bxh4 Bc3 60. Bd8 Kd7 61. Bb6 Na4 62. Bd5 Kd6 63.
Be4 Ke6 64. Ke3 Nxb6 65. axb6 Ba5 66. b7 Bc7 67. f5+ Ke5 68. Kd3 Bb8 69. Kc4 Ba7 70. Kb5 Kd6 71. Ka6 Bb8 72. Kb6 Kd7 73.
Bd5 Ke7 74. Be6 Kd6 75. Bc4 Ke5 76. Bd3 Kd6 77. Bf1 Kd7 78. Bh3 Ke7 79. Bg4 Kf6 80. Kc6 Ke7 81. Be2 Be5 82. Bc4 Bg3 83.
Be6 Bh2 84. Bc8 Bg3 85. Kd5 Bh2 86. Ke4 Kf6 87. Kf3 Kg5 88. Ke3 Kf6 89. Be6 Bb8 90. Ke4 Bh2 91. Kf3 Kg5 92. Bd7 Bb8 93.
Bc8 Bh2 94. Ke3 Kf6 95. Kd4 Ke7 96. Kc5 Bg3 97. Kc6 Bh2 98. Be6 Bg3 99. Ba2 Bh2 100. Kb6 Bb8 101. Bb1 Kd6 102. Bc2 Ke7 103.
Bd1 Kd6 104. Be2 Ke7 105. Bg4 Kf6 106. Bh3 Ke7 107. Kc6 Bh2 108. f6+ Kxf6 109. Kd7 Bg3 110. Kc8 Ke7 111. b8=N Bxb8 112. Kxb8 Ke8 1/2-1/2

[Event "The Elitserien 2024/25: round 1 - 3"]
[Site "Scandic Infra City, Kanalvagen 10, Upplands Vasby, Sweden"]
[Date "2024.10.04"]
[Round "1.27"]
[White "Lindh, Fredrik"]
[Black "Jepson, Christian"]
[Result "0-1"]
[TimeControl "90 minutes for 40 moves + 30 minutes for the rest of the game + 30 seconds per move from move one."]
[WhiteTitle "FM"]
[BlackTitle "IM"]
[WhiteFideId "1707884"]
[BlackFideId "1701185"]
[WhiteElo "2284"]
[BlackElo "2400"]

1. e4 d6 2. d4 Nf6 3. Nc3 g6 4. Nf3 Bg7 5. h3 O-O 6. Be3 Nc6 7. d5 Nb4 8. a3 Na6 9. Bxa6 bxa6 10.
Nd4 e6 11. O-O exd5 12. exd5 Bb7 13. Qf3 Re8 14. Rad1 Nd7 15. Nc6 Ne5 16. Nxe5 dxe5 17. Ne4 f5 18. Nc5 Rb8 19. Qe2 Bc8 20.
Qc4 Kh8 21. Nxa6 Bxa6 22. Qxa6 Rxb2 23. d6 cxd6 24. Rxd6 Qc8 25. Qxc8 Rxc8 26. Rfd1 Bf8 27. Rd8 Rbb8 28. R8d5 f4 29.
Bxa7 Rb7 30. Rd7 Rxd7 31. Rxd7 Bxa3 32. Rd5 Bb2 33. Rd2 Rc7 34. Bb6 Rc6 35. Ba7 Kg7 36. c4 Bc3 37. Rd7+ Kf6 38.
c5 h5 39. Bb6 Bd4 40. Ra7 Ke6 41. Kf1 e4 42. Rc7 Rxc7 43. Bxc7 f3 44. gxf3 exf3 45. Bd6 Kd5 46. Kg1 Bxc5 47.
Bc7 Bd4 48. Kf1 Ke4 49. Kg1 Be5 50. Bd8 Kd3 51. Kf1 Bf4 52. Be7 Kd4 53. Kg1 Ke4 54. Bd8 Kf5 55. Be7 g5 56. Bd8 Bd6 57.
Kh1 g4 58. hxg4+ Kxg4 59. Kg1 h4 60. Bf6 h3 61. Bd4 Kf5 62. Bb6 Ke4 63. Ba7 Kd3 64. Bb6 Be5 65. Ba7 Ke2 66. Bb6 Bd6 67.
Ba7 Bf4 68. Bb6 Bd6 69. Ba7 Bb4 70. Kh2 Be1 71. Kxh3 Bxf2 72. Bb8 Be1 73. Ba7 Bd2 0-1

[Event "The Elitserien 2024/25: round 1 - 3"]
[Site "Scandic Infra City, Kanalvagen 10, Upplands Vasby, Sweden"]
[Date "2024.10.04"]
[Round "1.28"]
[White "Domingo Nunez, Ruben"]
[Black "Van Hengel, Hugo"]
[Result "1-0"]
[TimeControl "90 minutes for 40 moves + 30 minutes for the rest of the game + 30 seconds per move from move one."]
[WhiteTitle "IM"]
[BlackTitle "FM"]
[WhiteFideId "22245570"]
[BlackFideId "1008161"]
[WhiteElo "2390"]
[BlackElo "2236"]

1. e4 e5 2. Nc3 Nf6 3. Bc4 Nxe4 4. Qh5 Nd6 5. Bb3 Nc6 6. Nb5 g6 7. Qf3 f5 8. Qd5 Qe7 9. Nxc7+ Kd8 10.
Nxa8 b6 11. Ne2 Bb7 12. Qd3 Bg7 13. O-O f4 14. Qh3 f3 15. Nc3 fxg2 16. Qxg2 Bxa8 17. d4 Bb7 18. Bg5 Bf6 19. Nd5 Nxd4 20.
Bxf6 Qxf6 21. Nxf6 Bxg2 22. Kxg2 Rf8 23. Ng4 Nf3 24. Rad1 1-0

[Event "The Elitserien 2024/25: round 1 - 3"]
[Site "Scandic Infra City, Kanalvagen 10, Upplands Vasby, Sweden"]
[Date "2024.10.04"]
[Round "1.29"]
[White "Walinder, Lars"]
[Black "Schneider, Stefan"]
[Result "1/2-1/2"]
[TimeControl "90 minutes for 40 moves + 30 minutes for the rest of the game + 30 seconds per move from move one."]
[WhiteTitle "FM"]
[BlackTitle "IM"]
[WhiteFideId "1707329"]
[BlackFideId "1703013"]
[WhiteElo "2223"]
[BlackElo "2384"]

1. c4 e5 2. Nc3 Nf6 3. Nf3 Nc6 4. e3 Bb4 5. Qc2 Bxc3 6. Qxc3 Qe7 7. d4 Ne4 8. Qd3 exd4 9. Nxd4 O-O 10.
Be2 Qb4+ 11. Kf1 Qe7 12. f3 Nc5 13. Nxc6 bxc6 14. Qc3 a5 15. Kf2 a4 16. Re1 d6 17. Kg1 f5 18. Rb1 Bd7 19.
b4 axb3 20. axb3 Rab8 1/2-1/2

[Event "The Elitserien 2024/25: round 1 - 3"]
[Site "Scandic Infra City, Kanalvagen 10, Upplands Vasby, Sweden"]
[Date "2024.10.04"]
[Round "1.30"]
[White "Lindgren, Philip"]
[Black "Naslund, Mikael"]
[Result "1-0"]
[TimeControl "90 minutes for 40 moves + 30 minutes for the rest of the game + 30 seconds per move from move one."]
[WhiteTitle "IM"]
[BlackTitle "FM"]
[WhiteFideId "1713230"]
[BlackFideId "1708260"]
[WhiteElo "2379"]
[BlackElo "2107"]

1. d4 Nf6 2. Nf3 e6 3. c4 d5 4. Bg5 Bb4+ 5. Nbd2 dxc4 6. Qc2 b5 7. a4 c6 8. Bxf6 gxf6 9. g3 Bb7 10.
Bg2 Nd7 11. O-O a6 12. b3 cxb3 13. Nxb3 Nb6 14. Ne1 Nc4 15. Nd3 Be7 16. axb5 axb5 17. Nb2 Rxa1 18. Rxa1 Nxb2 19. Ra7 Nc4 20.
Rxb7 O-O 21. Bxc6 Qc8 22. Be4 f5 23. Rxe7 fxe4 24. Qxe4 Qa6 25. Qg4+ Kh8 26. Qh5 Kg8 27. Qg5+ Kh8 28.
Qf6+ Kg8 29. Nc5 Qa1+ 30. Kg2 Qa8+ 31. e4 Nd6 32. Qg5+ Kh8 33. Qe5+ 1-0

[Event "The Elitserien 2024/25: round 1 - 3"]
[Site "Scandic Infra City, Kanalvagen 10, Upplands Vasby, Sweden"]
[Date "2024.10.04"]
[Round "1.31"]
[White "Persson, Andreas"]
[Black "Brynell, Stellan"]
[Result "0-1"]
[TimeControl "90 minutes for 40 moves + 30 minutes for the rest of the game + 30 seconds per move from move one."]
[WhiteTitle "CM"]
[BlackTitle "GM"]
[WhiteFideId "1707957"]
[BlackFideId "1700219"]
[WhiteElo "2173"]
[BlackElo "2368"]

1. d4 Nf6 2. Nf3 e6 3. g3 c5 4. Bg2 cxd4 5. O-O d5 6. Nxd4 e5 7. Nb3 Be6 8. c4 Nc6 9. cxd5 Nxd5 10.
Bd2 Rc8 11. Nc3 Nxc3 12. Bxc3 Qxd1 13. Rfxd1 f6 14. Na5 Nxa5 15. Bxa5 b6 16. Be1 Kf7 17. Rac1 Be7 18. a3 Rhd8 19.
Kf1 a5 20. Bc3 Bb3 21. Rxd8 Rxd8 22. Ke1 Ke6 23. Bd2 Bc5 24. e3 Bd5 25. Bxd5+ Rxd5 26. Ke2 e4 27. Rc4 f5 28. b4 axb4 29.
Bxb4 Kd6 30. h4 Rd3 31. Rc2 Bxb4 32. axb4 Rb3 33. Rc4 Rb2+ 34. Ke1 h5 35. Kf1 g6 36. Ke1 Kd5 37. Rd4+ Kc6 38.
Kf1 Rc2 39. Kg2 Kb5 40. Rd6 Rc6 41. Rd4 Ka4 42. Kh2 b5 43. Kg2 Rc4 44. Rd6 Kxb4 45. Rxg6 Kc3 46. Rg5 b4 47. Rxf5 b3 48.
Rd5 b2 49. Rd1 Kb3 50. g4 Rc1 51. Rd8 b1=Q 52. Rb8+ Kc4 53. Rxb1 Rxb1 54. gxh5 Kd5 55. Kg3 Ke5 56. f3 Rg1+ 57.
Kf2 Rg8 58. fxe4 Rg4 0-1

[Event "The Elitserien 2024/25: round 1 - 3"]
[Site "Scandic Infra City, Kanalvagen 10, Upplands Vasby, Sweden"]
[Date "2024.10.04"]
[Round "1.32"]
[White "Carlsson, Daniel"]
[Black "Ral Lustig, Melvin"]
[Result "1/2-1/2"]
[TimeControl "90 minutes for 40 moves + 30 minutes for the rest of the game + 30 seconds per move from move one."]
[WhiteFideId "1703021"]
[BlackFideId "1764195"]
[WhiteElo "2289"]
[BlackElo "2044"]

1. e4 e5 2. Nf3 Nc6 3. Bb5 a6 4. Ba4 Nf6 5. O-O b5 6. Bb3 Bc5 7. Nxe5 Nxe5 8. d4 Bxd4 9. Qxd4 d6 10.
c3 c5 11. Qe3 O-O 12. Rd1 Bb7 13. Nd2 Re8 14. f3 Qc7 15. Nf1 Rad8 16. Qf2 d5 17. exd5 Bxd5 18. Bg5 Bxb3 19. axb3 Rxd1 20.
Rxd1 Ned7 21. Qg3 Qxg3 22. Nxg3 h6 23. Bf4 c4 24. bxc4 bxc4 25. Kf1 Nc5 26. Bd6 Nd3 27. Rb1 Re6 28.
Ba3 Rb6 29. Nf5 Nd5 30. Nd6 Ne3+ 31. Ke2 Nxg2 32. Nxc4 Ndf4+ 33. Kd2 Re6 34. Kc2 Re2+ 35. Kb3 Ne1 36. Bd6 Ned3 37. Ra1 Rxh2 38.
Rxa6 Rg2 39. Ra8+ Kh7 40. Ra7 f6 41. Bxf4 Nxf4 42. Nd6 Nd3 43. Ne8 Rxb2+ 44. Ka3 Rg2 45. Nxf6+ Kg6 46. Ne8 Kh7 47. Nf6+ Kg6 48. Ne8 1/2-1/2

[Event "The Elitserien 2024/25: round 1 - 3"]
[Site "Scandic Infra City, Kanalvagen 10, Upplands Vasby, Sweden"]
[Date "2024.10.04"]
[Round "1.33"]
[White "Solodovnichenko, Yuri"]
[Black "Hammer, Jon Ludvig"]
[Result "1/2-1/2"]
[TimeControl "90 minutes for 40 moves + 30 minutes for the rest of the game + 30 seconds per move from move one."]
[WhiteTitle "GM"]
[BlackTitle "GM"]
[WhiteFideId "14104369"]
[BlackFideId "1503707"]
[WhiteElo "2490"]
[BlackElo "2595"]

1. e4 c6 2. d4 d5 3. Nc3 dxe4 4. Nxe4 Nf6 5. Nxf6+ exf6 6. Bc4 Qe7+ 7. Qe2 Be6 8. Bxe6 Qxe6 9.
Bf4 Nd7 10. O-O-O Nb6 11. Bg3 h5 12. h3 h4 13. Bh2 O-O-O 14. Qxe6+ fxe6 15. Ne2 Bd6 16. Bxd6 Rxd6 17. b3 Nd5 18.
Rhe1 Re8 19. c4 Ne7 20. c5 Rd7 21. Nc3 Nf5 22. d5 cxd5 23. Nxd5 Red8 24. Nc3 Rxd1+ 25. Rxd1 Rxd1+ 26. Kxd1 Kd7 27.
b4 Kc6 28. Kc2 a5 29. a3 Nd4+ 30. Kd3 Nb5 31. Nb1 Kd5 32. f4 g6 33. Nd2 Nxa3 34. bxa5 e5 35. fxe5 fxe5 36. c6 Kxc6 37.
Nf3 Kd5 38. Nxh4 g5 39. Nf5 e4+ 40. Ke2 Ke5 41. Ne3 Nb5 42. g3 Nd4+ 43. Kf2 Nc6 44. Ng4+ Kf5 45. Ne3+ Ke6 46. Nc4 Kd5 47.
Ne3+ Kd4 48. h4 gxh4 49. gxh4 Nxa5 50. h5 Ke5 51. h6 Kf6 52. Ng4+ Kg6 53. Ke3 Nc4+ 54. Kxe4 Nd6+ 55. Kd5 Nf7 56.
Kc5 b6+ 57. Kxb6 Nxh6 58. Nxh6 Kxh6 1/2-1/2

[Event "The Elitserien 2024/25: round 1 - 3"]
[Site "Scandic Infra City, Kanalvagen 10, Upplands Vasby, Sweden"]
[Date "2024.10.04"]
[Round "1.34"]
[White "Seo, Jung Min"]
[Black "Sumets, Andrey"]
[Result "0-1"]
[TimeControl "90 minutes for 40 moves + 30 minutes for the rest of the game + 30 seconds per move from move one."]
[WhiteTitle "IM"]
[BlackTitle "GM"]
[WhiteFideId "1734687"]
[BlackFideId "14105500"]
[WhiteElo "2505"]
[BlackElo "2517"]

1. e4 e6 2. d4 d5 3. e5 c5 4. c3 Nc6 5. Nf3 Bd7 6. Be2 h6 7. O-O Rc8 8. a3 Nge7 9. dxc5 Ng6 10.
b4 Ngxe5 11. Nxe5 Nxe5 12. f4 Nc4 13. Bxc4 dxc4 14. Qd4 b6 15. cxb6 Qxb6 16. Be3 Qxd4 17. Bxd4 a6 18. Nd2 h5 19.
Rae1 f6 20. Ne4 Bc6 21. Bc5 Bxe4 22. Rxe4 Bxc5+ 23. bxc5 Kf7 24. Rxc4 Rc7 25. Rb1 Rhc8 26. Rb6 Rxc5 27. Rxc5 Rxc5 28.
Rxa6 Rxc3 29. g3 Rc1+ 30. Kg2 Rc2+ 31. Kh3 g5 32. fxg5 fxg5 33. g4 h4 34. a4 Ra2 35. Ra8 Kf6 36.
a5 Ke5 37. a6 Ra3+ 38. Kg2 h3+ 39. Kf2 Kf4 40. a7 Ra2+ 41. Ke1 Ke3 42. Kd1 e5 43. Rh8 Ra1+ 44. Kc2 Rxa7 45. Rxh3+ Ke2 46. Rh5 Rc7+ 47. Kb2 Rg7 48.
h4 gxh4 49. Rxh4 Rb7+ 50. Kc3 Rc7+ 51. Kb3 e4 52. g5 Kd3 53. Rh6 Rb7+ 54. Ka4 e3 55. Rd6+ Kc4 56. Rc6 Kd5 57. Rc8 Re7 58. Rc1 e2 59. Re1 Kc4 0-1

[Event "The Elitserien 2024/25: round 1 - 3"]
[Site "Scandic Infra City, Kanalvagen 10, Upplands Vasby, Sweden"]
[Date "2024.10.04"]
[Round "1.35"]
[White "Hillarp, Tiger"]
[Black "Blomqvist, Erik"]
[Result "1/2-1/2"]
[TimeControl "90 minutes for 40 moves + 30 minutes for the rest of the game + 30 seconds per move from move one."]
[WhiteTitle "GM"]
[BlackTitle "GM"]
[WhiteFideId "1700812"]
[BlackFideId "1709437"]
[WhiteElo "2457"]
[BlackElo "2491"]

1. Nf3 d5 2. g3 g6 3. Bg2 Bg7 4. O-O e5 5. d3 Nc6 6. e4 dxe4 7. dxe4 Qxd1 8. Rxd1 Bg4 9. c3 f6 10.
Na3 Nh6 11. Nc4 Nf7 12. Ne3 Be6 13. Ne1 Nd6 14. Nd3 b6 15. b3 O-O-O 16. Bb2 Kb8 17. c4 Rhe8 18. Nd5 Bc8 19. a4 Nd4 20.
Bxd4 exd4 21. Re1 Nb7 22. b4 c6 23. N5f4 g5 24. Nh5 Bh8 25. h3 Be6 26. Rec1 Bf7 27. g4 Nd6 28. c5 Nxe4 29.
Bxe4 Rxe4 30. cxb6 axb6 31. Rxc6 Re6 32. Rxe6 Bxe6 33. Ng3 Bg7 34. Nh5 1/2-1/2

[Event "The Elitserien 2024/25: round 1 - 3"]
[Site "Scandic Infra City, Kanalvagen 10, Upplands Vasby, Sweden"]
[Date "2024.10.04"]
[Round "1.36"]
[White "Neiksans, Arturs"]
[Black "Rydstrom, Tom"]
[Result "1-0"]
[TimeControl "90 minutes for 40 moves + 30 minutes for the rest of the game + 30 seconds per move from move one."]
[WhiteTitle "GM"]
[BlackTitle "FM"]
[WhiteFideId "11601388"]
[BlackFideId "1714830"]
[WhiteElo "2571"]
[BlackElo "2274"]

1. Nf3 d5 2. g3 Nd7 3. d4 Nb6 4. Nc3 Bf5 5. Nh4 Bg4 6. h3 Bh5 7. Ng2 f6 8. Nf4 Bf7 9. Bg2 c6 10.
e4 e5 11. dxe5 fxe5 12. Nd3 d4 13. Ne2 Bd6 14. f4 exf4 15. Nxd4 fxg3 16. Nf5 Bf8 17. O-O Be6 18. Nxg7+ Bxg7 19.
Qh5+ Ke7 20. Bg5+ Bf6 21. Rad1 Qd4+ 22. Kh1 h6 23. Nf4 Bf7 24. Ng6+ Ke8 25. Bxf6 Nxf6 26. Qf5 Qxd1 27. Qe5+ Qd4 28. Kg1+ Ke7+ 29. Qh5+ Ke8+ 1-0

[Event "The Elitserien 2024/25: round 1 - 3"]
[Site "Scandic Infra City, Kanalvagen 10, Upplands Vasby, Sweden"]
[Date "2024.10.04"]
[Round "1.37"]
[White "Arman, Deniz"]
[Black "Trost, Edvin"]
[Result "1-0"]
[TimeControl "90 minutes for 40 moves + 30 minutes for the rest of the game + 30 seconds per move from move one."]
[WhiteTitle "FM"]
[BlackTitle "IM"]
[WhiteFideId "6302106"]
[BlackFideId "1729519"]
[WhiteElo "2348"]
[BlackElo "2433"]

1. e4 c5 2. Nf3 Nc6 3. d4 cxd4 4. Nxd4 e5 5. Nb5 d6 6. c4 g6 7. h4 a6 8. N5c3 Nf6 9. h5 Nxh5 10.
Nd5 Be6 11. Be3 Bxd5 12. exd5 Nd4 13. Nc3 Bg7 14. Qa4+ Kf8 15. O-O-O Nf6 16. Kb1 h5 17. Bd3 Ng4 18. Rhf1 Bh6 19.
Bxd4 exd4 20. Ne4 Nf6 21. f4 Kg7 22. f5 g5 23. Rde1 g4 24. Nxf6 Qxf6 25. Re6 fxe6 26. fxe6 Bf4 27.
g3 Qe7 28. gxf4 Raf8 29. f5 g3 30. Qd1 Rh6 31. Qf3 h4 32. c5 dxc5 33. Qf4 g2 34. Qg4+ Kf6 35. Qxg2 h3 36. Qh2 Rd8 37. Qf4 Qg7 38. Re1 Rxd5 39.
e7 Rh8 40. e8=Q Rxe8 41. Rxe8 Qg1+ 42.
Kc2 Kf7 43. Qb8 Qg2+ 44. Re2 c4 45. Qe8+ Kg7 46. Rxg2+ 1-0

[Event "The Elitserien 2024/25: round 1 - 3"]
[Site "Scandic Infra City, Kanalvagen 10, Upplands Vasby, Sweden"]
[Date "2024.10.04"]
[Round "1.38"]
[White "Sorensen, Hampus"]
[Black "Sevastianov, Andrii"]
[Result "1-0"]
[TimeControl "90 minutes for 40 moves + 30 minutes for the rest of the game + 30 seconds per move from move one."]
[WhiteTitle "IM"]
[WhiteFideId "8703884"]
[BlackFideId "1730240"]
[WhiteElo "2420"]
[BlackElo "2160"]

1. e4 e5 2. Nf3 Nc6 3. Bc4 Bc5 4. d3 Nf6 5. c3 O-O 6. O-O d6 7. Bg5 h6 8. Bh4 a6 9. a4 Ba7 10.
Nbd2 Be6 11. b4 Qe7 12. Re1 Nb8 13. d4 Nbd7 14. d5 Bg4 15. h3 Bxf3 16. Qxf3 Rfc8 17. a5 g5 18. Bg3 Nf8 19.
Nf1 Ne8 20. Ne3 Ng7 21. Bh2 Nh7 22. Rac1 Rf8 23. Bd3 Qf6 24. Qe2 Qe7 25. g3 Bxe3 26. Qxe3 f5 27. exf5 Nxf5 28. Qe2 Qg7 29.
Kh1 Kh8 30. Qc2 Ne7 31. c4 g4 32. Bxh7 Qxh7 33. hxg4 Qxc2 34. Rxc2 Rf3 35. Rb1 c6 36. Rd1 Raf8 37. Bg1 R8f6 38.
b5 Ra3 39. dxc6 bxc6 40. b6 c5 41. Rcd2 Nc6 42. b7 1-0

[Event "The Elitserien 2024/25: round 1 - 3"]
[Site "Scandic Infra City, Kanalvagen 10, Upplands Vasby, Sweden"]
[Date "2024.10.04"]
[Round "1.39"]
[White "Lindberg, Bengt"]
[Black "Wiedenkeller, Michael"]
[Result "1/2-1/2"]
[TimeControl "90 minutes for 40 moves + 30 minutes for the rest of the game + 30 seconds per move from move one."]
[WhiteTitle "IM"]
[BlackTitle "IM"]
[WhiteFideId "1700359"]
[BlackFideId "1700146"]
[WhiteElo "2337"]
[BlackElo "2406"]

1. e4 e5 2. Nf3 Nc6 3. Bb5 Nf6 4. Nc3 Bb4 5. O-O O-O 6. d3 Bxc3 7. bxc3 d6 8. Bg5 Bd7 9. Rb1 h6 10.
Bh4 Re8 11. Qd2 a6 12. Ba4 Rb8 13. h3 Ne7 14. Bxd7 Nxd7 15. Nh2 g5 16. Bg3 f5 17. exf5 Nxf5 18. Qe2 Rf8 19. Ng4 Kg7 20.
Ne3 Qf6 21. d4 Nxe3 22. Qxe3 exd4 23. cxd4 Nb6 24. Rbe1 Qf7 25. h4 Rbe8 26. Qc3 Nd5 27. Qb3 b5 28. Rxe8 Rxe8 29. c4 Nf4 30.
Bxf4 bxc4 31. Qc3 gxf4 32. d5+ Re5 33. Rd1 Qh5 34. Re1 Kf6 35. Re4 Qd1+ 36. Kh2 Qxd5 37. Rxf4+ Ke7 38. Rxc4 c5 39.
Rg4 Rf5 40. f4 Rf7 41. Qb2 Qf5 42. Qb7+ Qd7 43. Qf3 Qf5 44. Kg3 c4 45. Qb7+ Ke6 46. Qxa6 Kd5 47. Qb6 Qd3+ 48. Kh2 Qf5 49.
Qb5+ Kd4 50. Qb6+ Kd5 51. Qb5+ Kd4 52. Qb6+ 1/2-1/2